Unix NetHack Version 5.0.0-0 post-release - last build May  3 2026 23:40:34 (9823c992c0763bbd039eca2974112f46eaf799b3,branch:main).

Game began 2026-05-04 12:05:07, ended 2026-05-04 13:35:03.

BSL2425737, lawful female dwarven Valkyrie

    ------
  ---.|..|
 --......--
 |........|
--*.......------    --  |
|.<.....-.@h.......G....-
--.......--------      .........-
 ---........
   |.......-
   |.........
   |.----.....-
   |.|   --....|
   |.|     --..-
   -.-       -..
    .         -..
    .           --
   --

BSL2425737 the Stripling    St:18/02 Dx:14 Co:16 In:8 Wi:8 Ch:9  Lawful
Dlvl:4  $:47 HP:0(22) Pw:4(4) AC:10 Xp:2 T:1333 

Latest messages:
 Your leg feels better.
 In what direction? 6
 Ouch!  That hurts!
 Restoring save file...
 Velkommen BSL2425737, the dwarven Valkyrie, welcome back to NetHack!  You are lucky!  Full moon tonight.
 Restoring save file...
 Velkommen BSL2425737, the dwarven Valkyrie, welcome back to NetHack!  You are lucky!  Full moon tonight.
 You are not wearing any armor.
 You already found a monster.  Use 'm' prefix to force another search.
 You see here a plate mail.
 You climb up the stairs.
 You descend the stairs.
 You swap places with the peaceful dwarf.
 You swap places with the peaceful dwarf.
 You stop.  The dwarf is in the way!
 You swap places with the peaceful dwarf.
 Restoring save file...
 Velkommen BSL2425737, the dwarven Valkyrie, welcome back to NetHack!
 You are lucky!  Full moon tonight.
 You swap places with the peaceful dwarf.
 You swap places with the peaceful dwarf.
 What do you want to wield? [- abikps or ?*] *
 What do you want to wield? [- abikps or ?*] *
 You are already wielding that!
 What do you want to throw? [$bikps or ?*] *
 In what direction? 6
 The dwarvish spear misses the dwarf.
 The dwarf gets angry!
 The gnome turns to flee.
 The dwarf wields a dwarvish short sword!
 You begin bashing monsters with your bare hands.
 You miss the dwarf.
 The dwarf thrusts his dwarvish short sword.
 The dwarf hits!
 You miss the dwarf.
 You miss the dwarf.
 The dwarf thrusts his dwarvish short sword.
 The dwarf hits!
 What do you want to throw? [$bikps or ?*] *
 In what direction? 6
 The dart misses the dwarf.
 You hit the dwarf.
 The dwarf thrusts his dwarvish short sword.
 The dwarf hits!
 You die...
 Do you want your possessions identified? [ynq] (y) y
 Do you want to see your attributes? [ynq] (y) y
 Do you want an account of creatures vanquished? [ynaq] (y) y
 Do you want to see your conduct and achievements? [ynq] (y) y
 Do you want to see the dungeon overview? [ynq] (y) y

Inventory:
 Coins    ('$')
  $ - 47 gold pieces
 Weapons  (')')
  s - a +0 bow
  p - a +0 sling
  i - 7 +0 darts
  k - 10 cursed -4 darts
  b - a +0 dagger (alternate weapon; not wielded)
 Armor    ('[')
  h - an uncursed +2 pair of leather gloves
  g - a cursed -4 scale mail
 Comestibles  ('%')
  q - an uncursed lembas wafer
  t - an uncursed tripe ration
  j - an uncursed lichen corpse
 Potions  ('!')
  d - a blessed potion of healing
  e - an uncursed potion of invisibility
 Tools    ('(')
  f - an empty uncursed locked large box
  o - an uncursed blindfold
 Gems/Stones  ('*')
  v - an uncursed opal
  l - a cursed worthless piece of orange glass
  m - 2 uncursed worthless pieces of red glass
  n - an uncursed worthless piece of white glass

BSL2425737 the Valkyrie's attributes:

Background:
 You were a Stripling, a level 2 dwarven Valkyrie.
 You were lawful, nominally on a mission for Tyr
 who was opposed by Odin (neutral) and Loki (chaotic).
 You were right-handed.
 You were in the Gnomish Mines, on level 4.
 You entered the dungeon 1333 turns ago.
 There was a full moon in effect when your adventure ended.
 You had 35 experience points, 5 more were needed to attain level 3.

Basics:
 You had 0 out of 22 hit points.
 You had all 4 energy points (spell power).
 Your armor class was 10.
 Your wallet contained 47 zorkmids.
 Autopickup was off.

Final Characteristics:
 Your strength was 18/02 (limit:18/100).
 Your dexterity was 14 (limit:20).
 Your constitution was 16 (limit:20).
 Your intelligence was 8 (limit:16).
 Your wisdom was 8 (limit:16).
 Your charisma was 9 (limit:16).

Final Status:
 You weren't hungry.
 You were unencumbered.
 You were bare handed.
 You were unskilled in bare handed combat.
 You weren't wearing any armor.

Final Attributes:
 You were fervently aligned.
 You were cold resistant.
 You had infravision.
 You were lucky.
 You are dead.

Miscellaneous:
 You didn't encounter any bones levels.
 Total elapsed playing time was 1 hour, 22 minutes and 56 seconds.

Major events:
 Turn
    1: BSL2425737 the lawful dwarven Valkyrie entered the dungeon
 1289: entered the Gnomish Mines
 1333: killed by a dwarf

You didn't know any spells.

Skills:
 Fighting Skills
   bare handed combat [Unskilled]
   two weapon combat  [Unskilled]
   riding             [Unskilled]
 Weapon Skills
   dagger             [Basic]
   axe                [Unskilled]
   pick-axe           [Unskilled]
   short sword        [Unskilled]
   broadsword         [Unskilled]
   long sword         [Unskilled]
   two-handed sword   [Unskilled]
   saber              [Unskilled]
   hammer             [Unskilled]
   quarterstaff       [Unskilled]
   polearms           [Unskilled]
   spear              [Basic]
   trident            [Unskilled]
   lance              [Unskilled]
   sling              [Unskilled]
 Spellcasting Skills
   attack spells      [Unskilled]
   escape spells      [Unskilled]

Voluntary challenges:
 Character rerolling was not enabled.
 You followed a strict vegan diet.
 You were an atheist.
 You never genocided any monsters.
 You never polymorphed an object.
 You never changed form.
 You used no wishes.
Achievements:
 You entered a shop.
 You entered the Gnomish Mines.

 The Dungeons of Doom: levels 1 to 4
    Level 1:
       A fountain.
    Level 2:
       A tool shop.
    Level 3:
       A fountain.
       Stairs down to The Gnomish Mines.
    Level 4:
       A fountain.
 The Gnomish Mines:
    Level 4: <- You were here.
       Final resting place for
          you, killed by a dwarf.


Vanquished creatures:
 an acid blob
  a gecko
  a fox
  a kobold
  a goblin
  3 sewer rats
  2 lichens
  3 newts
13 creatures vanquished.

No species were genocided or became extinct.

Game over:
                       ----------
                      /          \
                     /    REST    \
                    /      IN      \
                   /     PEACE      \
                  /                  \
                  |    BSL2425737    |
                  |      47 Au       |
                  |   killed by a    |
                  |      dwarf       |
                  |                  |
                  |                  |
                  |       2026       |
                 *|     *  *  *      | *
        _________)/\\_//(\/(/\)/\//\/|_)_______

Farvel BSL2425737 the Valkyrie...

You died in The Gnomish Mines on dungeon level 4 with 343 points,
and 47 pieces of gold, after 1333 moves.
You were level 2 with a maximum of 22 hit points when you died.

